 Dungeon Crawl Stone Soup version 0.29.1-1-gd02db6906a (webtiles) character file.

Game seed: 3755840258466904433

87577 Godmorgon the Stormcaller (level 15, 0/84 HPs)
             Began as a Tengu Air Elementalist on Oct 16, 2022.
             Was a High Priest of Vehumet.
             Slain by a large abomination (31 damage)
             ... on level 13 of the Dungeon on Oct 17, 2022.
             The game lasted 02:43:15 (30393 turns).

Godmorgon the Stormcaller (Tengu Air Elementalist) Turns: 30393, Time: 02:43:15

Health: 0/84       AC: 18    Str:  9    XL:     15   Next: 91%
Magic:  27/31      EV: 11    Int: 34    God:    Vehumet [*****.]
Gold:   502        SH: 15    Dex: 22    Spells: 4/36 levels left

rFire   . . .      SeeInvis +   b - staff of air
rCold   . . .      Faith    .   q - +2 kite shield {reflect}
rNeg    + + .      Spirit   .   v - +4 ring mail of Gestures {rN+ Regen+}
rPois   .          Reflect  +   B - +0 hat {Int+3}
rElec   +          Harm     .   c - +2 cloak
rCorr   +          Rampage  .   T - +2 pair of gloves of Kauklot {rCorr Dex+4}
Will    +....                   (boots unavailable)
Stlth   +.........              (no amulet)
HPRegen 1.04/turn               K - ring of the Circus Animal {rN+ Int+3 Dex+3 SInv Stlth-}
MPRegen 0.22/turn               t - +6 ring of intelligence

@: flying quickly and evasively, quick
A: beak, talons 3, nimble flight
a: Renounce Religion


You were on level 13 of the Dungeon.
You worshipped Vehumet.
Vehumet was extremely pleased with you.
You visited 3 branches of the dungeon, and saw 19 of its levels.
You also visited: Ice Cave and Volcano.

You collected 1460 gold pieces.
You spent 958 gold pieces at shops.

Inventory:

Hand Weapons
 a - the +9 rapier of Syosaton {vorpal, *Noise +Blink Will+++ Str+3}
   (You bought it in a shop on level 10 of the Dungeon)

   It inflicts extra damage upon your enemies.
   Str:       It affects your strength (+3).
   +Blink:    It lets you blink.
   *Noise:    It may make noises in combat.
   Will:      It greatly increases your willpower.
 M - a +1 scimitar of holy wrath
 Y - a +3 scimitar of flaming
Missiles
 k - 9 atropa-tipped darts
 n - a throwing net
 F - 11 curare-tipped darts
 N - 39 poisoned darts (quivered)
Armour
 c - a +2 cloak (worn)
 q - a +2 kite shield of reflection (worn)
 v - the +4 ring mail of Gestures (worn) {rN+ Regen+}
   (You found it on level 3 of the Dungeon)

   rN:        It protects you from negative energy.
   Regen:     It increases your rate of health regeneration.
 B - a +0 hat of intelligence (worn)
 T - the +2 pair of gloves of Kauklot (worn) {rCorr Dex+4}
   (You found it on level 7 of the Dungeon)

   Dex:       It affects your dexterity (+4).
   rCorr:     It protects you from acid and corrosion.
Magical Staves
 b - a staff of air (weapon)
 w - a staff of fire
Jewellery
 d - a ring of resist corrosion
 t - a +6 ring of intelligence (right hand)
 K - the ring of the Circus Animal (left hand) {rN+ Int+3 Dex+3 SInv Stlth-}
   (You found it in an ice cave)

   [ring of see invisible]

   Int:       It affects your intelligence (+3).
   Dex:       It affects your dexterity (+3).
   rN:        It protects you from negative energy.
   SInv:      It lets you see invisible.
   Stlth:     It makes you less stealthy.
 Q - the ring of Quxti {Ice +Blink rElec Int+2}
   (You found it in an ice cave)

   [ring of ice]

   It enhances your ice magic.
   Int:       It affects your intelligence (+2).
   rF:        It makes you vulnerable to fire.
   rC:        It protects you from cold.
   rElec:     It insulates you from electricity.
   +Blink:    It lets you blink.
 X - the ring "Uggac" {Fire rN+ Will+}
   (You found it on level 5 of the Lair of Beasts)

   [ring of fire]

   It enhances your fire magic.
   rF:        It protects you from fire.
   rC:        It makes you vulnerable to cold.
   rN:        It protects you from negative energy.
   Will:      It increases your willpower.
Wands
 r - a wand of light (16)
 J - a wand of digging (2)
 L - a wand of polymorph (3)
 O - a wand of mindburst (28)
 P - a wand of iceblast (7)
Scrolls
 f - a scroll of fog {unknown}
 i - 3 scrolls of blinking
 l - a scroll of vulnerability
 m - 2 scrolls of magic mapping
 o - 9 scrolls of teleportation
 p - a scroll of acquirement {unknown}
 u - 2 scrolls of noise {unknown}
 x - 4 scrolls of fear
 y - a scroll of summoning {unknown}
 z - 2 scrolls of immolation {unknown}
 C - 3 scrolls of silence
 G - 4 scrolls of enchant weapon {unknown}
 V - 2 scrolls of poison {unknown}
 Z - 3 scrolls of enchant armour {unknown}
Potions
 e - 6 potions of might
 g - 4 potions of heal wounds
 h - 10 potions of curing
 j - 3 potions of invisibility
 A - 2 potions of mutation
 D - a potion of berserk rage {unknown}
 E - 3 potions of magic
 H - 2 potions of resistance
 I - 4 potions of brilliance
 U - 6 potions of haste
Miscellaneous
 s - a phial of floods


   Skills:
 + Level 6.5 Fighting
 - Level 8.0 Short Blades
 - Level 10.0 Armour
 - Level 2.1 Dodging
 - Level 2.0 Stealth
 * Level 9.3 Shields
 * Level 11.3 Spellcasting
 + Level 13.2 Conjurations
 + Level 4.0 Transmutations
 * Level 7.8 Fire Magic
 - Level 5.0 Ice Magic
 + Level 16.7 Air Magic
 - Level 5.0 Poison Magic


You had 4 spell levels left.
You knew the following spells:

 Your Spells              Type           Power      Damage    Failure   Level
a - Airstrike             Air            57%        2d(9-25)  1%          4
b - Fireball              Conj/Fire      37%        3d15      1%          5
d - Static Discharge      Conj/Air       100%       3-16/arc  1%          2
f - Freezing Cloud        Conj/Ice/Air   49%        6-21      1%          5
i - Ignite Poison         Fire/Tmut/Pois 55%        N/A       1%          3
m - Mephitic Cloud        Conj/Pois/Air  99%        N/A       1%          3
o - Orb of Destruction    Conj           41%        9d11      12%         7
p - Poisonous Vapours     Pois/Air       100%       N/A       1%          2
s - Shock                 Conj/Air       100%       1d9       1%          1

Your spell library contained the following spells:

 Spells                   Type           Power      Damage    Failure   Level
 Magic Dart               Conj           100%       1d8       1%          1
 Conjure Flame            Conj/Fire      74%        6-21      1%          3
 Swiftness                Air            100%       N/A       1%          3
 Sticky Flame             Conj/Fire      74%        2d9       1%          4
 Ozocubu's Armour         Ice            52%        N/A       4%          3
 Spider Form              Tmut/Pois      50%        N/A       6%          3
 Corpse Rot               Necr/Pois/Air  80%        N/A       6%          4
 Ensorcelled Hibernation  Hex/Ice        72%        N/A       7%          2
 Passwall                 Tmut/Erth      27%        N/A       9%          2
 Necrotise                Necr           76%        1d7       12%         1
 Blink                    Tloc           38%        N/A       19%         2
 Call Imp                 Summ           19%        N/A       19%         2
 Sublimation of Blood     Necr           19%        N/A       19%         2
 Gell's Gravitas          Tloc           19%        N/A       36%         3
 Lesser Beckoning         Tloc           19%        N/A       36%         3
 Teleport Other           Tloc           19%        N/A       36%         3
 Petrify                  Tmut/Erth      33%        N/A       47%         4
 Anguish                  Hex/Necr       9%         N/A       77%         4
 Animate Dead             Necr           19%        N/A       77%         4
 Irradiate                Conj/Tmut      33%        3d22      2%          5
 Metabolic Englaciation   Hex/Ice        18%        N/A       77%         5
 Borgnjor's Vile Clutch   Necr/Erth      9%         N/A       98%         5
 Manifold Assault         Tloc           19%        N/A       98%         5
 Chain Lightning          Conj/Air       55%        3d73      99%         9
 Death Channel            Necr           9%         N/A       100%        6
 Dispersal                Tloc           9%         N/A       100%        6
 Simulacrum               Ice/Necr       18%        N/A       100%        6
 Disjunction              Tloc           9%         N/A       100%        8
 Fire Storm               Conj/Fire      37%        8d9       100%        9
 Shatter                  Erth           9%         3d11*     100%        9


Dungeon Overview and Level Annotations

Branches:
Dungeon (13/15)            Temple (1/1) D:7            Lair (5/5) D:10
  Swamp (0/4) Lair:2       Spider (0/4) Lair:3        Slime (0/5) Lair:4
    Orc (0/2) D:10         Vaults (0/5) D:13          IceCv (visited)
Volcano (visited)

Altars:
Ashenzari
Cheibriados
Dithmenos
Elyvilon
Fedhas
Gozag
Hepliaklqana
Kikubaaqudgha
Makhleb
Nemelex Xobeh
Okawaru
Qazlal
Ru
Sif Muna
Trog
Uskayaw
Vehumet
Wu Jian
Xom
Yredelemnul
Zin
The Shining One
Jiyva

Shops:
D:4 [   D:6 *   D:10 (

Annotations:
D:7 3 runed translucent doors, 0gre's ghost, novice GnCj


Innate Abilities, Weirdness & Mutations

You have a beak for a mouth.
You have claws for feet.
Your magical nature lets you fly swiftly and evasively.


Message History

The small abomination is struck by an arc of lightning.
The small abomination is heavily damaged.
The lightning grounds out.
The large abomination hits you!!
b - a staff of air (weapon)
You block the large abomination's attack.
Casting: Static Discharge (safe; 1% risk of failure)
Confirm with . or Enter, or press ? or * to list all spells.
Okay, then.
Unknown command.
Casting: Static Discharge (safe; 1% risk of failure)
Confirm with . or Enter, or press ? or * to list all spells.
You feel a surge of power!
The large abomination is struck by an arc of lightning!
The large abomination is severely damaged.
The large abomination is struck by an arc of lightning!
The large abomination is heavily damaged.
The small abomination is struck by an arc of lightning!
You destroy the small abomination!
Vehumet accepts your kill.
You feel your power returning.
The small abomination is struck by an arc of lightning!
The small abomination is almost destroyed.
The large abomination is struck by an arc of lightning!
The large abomination is moderately damaged.
The lightning grounds out.
Casting: Static Discharge (safe; 1% risk of failure)
Confirm with . or Enter, or press ? or * to list all spells.
You feel a surge of power!
The large abomination is struck by an arc of lightning!
The large abomination is almost destroyed.
The large abomination is struck by an arc of lightning!
The large abomination is almost destroyed.
The small abomination is struck by an arc of lightning!
The small abomination is heavily damaged.
The large abomination is struck by an arc of lightning!
You destroy the large abomination!
Vehumet accepts your kill.
You feel your power returning.
The lightning grounds out.
The large abomination hits you!!
You die...

##########
#.Xx#....#
#..xX....# ## #@...#
#.. #..).# #.#
#....######.##
#....'.#>....##
#....#........##
#....#.........###
########............
#...............)###
#................#


You could see 2 large abominations and 2 small abominations.

Vanquished Creatures
  Rupert (D:13)
  An azure jelly (IceCv)
  2 quicksilver oozes (IceCv)
  A war gargoyle (D:12)
  3 dire elephants (Lair:5)
  A red draconian (Volcano)
  6 hydras
  7 boulder beetles
  5 two-headed ogres
  3 centaur warriors
  A catoblepas (Lair:5)
  Erica (Lair:2)
  A tengu warrior (D:8)
  7 death yaks
  Sonja (D:11)
  Urug (D:13)
  2 spectral death yaks (Lair:5)
  A spectral anaconda (Lair:5)
  A lindwurm (Lair:5)
  A wizard (D:13)
  Pikel (D:7)
  An obsidian statue (Lair:5)
  A bog body (Lair:2)
  3 necromancers (Lair:5)
  3 oklob plants
  3 cyclopes
  2 ugly things
  2 ice statues (IceCv)
  A molten gargoyle (Volcano)
  3 black mambas (Lair:5)
  19 elephants
  A torpor snail (Lair:2)
  An orange demon (Lair:2)
  11 gargoyles
  A dire elephant skeleton (Lair:5)
  8 cane toads
  5 komodo dragons
  4 rime drakes
  2 unseen horrors (D:12)
  A kobold demonologist (D:13)
  4 yaktaurs (Volcano)
  A polar bear (Lair:2)
  3 trolls
  Grinder (D:6)
  18 slime creatures (IceCv)
  A spectral elephant (Lair:5)
  18 blink frogs
  9 dream sheep
  4 jumping spiders (Lair:3)
  3 culicivoras (Lair:3)
  Sigmund (D:2)
  4 wyverns
  3 wraiths
  3 small abominations (D:13)
  36 yaks
  4 basilisks
  5 fire bats
  16 humans (D:13)
  A redback (Lair:3)
  A death yak simulacrum (Lair:5)
  2 spectral cane toads (Lair:5)
  3 steam dragons
  A large abomination (D:13)
  Menkaure (D:7)
  4 acid dragons
  17 water moccasins
  5 orc warriors
  2 black bears
  A sky beast (D:6)
  8 great orb of eyes simulacra (IceCv)
  2 ice beasts
  An elephant zombie (Lair:5)
  34 wolves
  2 ogres
  A slime creature simulacrum (IceCv)
  11 centaurs
  4 elephant skeletons (Lair:5)
  A phantom (D:4)
  2 lemures (D:7)
  5 kobold brigands
  9 bullfrogs
  4 gnoll sergeants
  A scorpion (D:6)
  2 glowing shapeshifter simulacra (IceCv)
  A necrophage (D:5)
  A cane toad simulacrum (Lair:5)
  9 wights
  An elephant simulacrum (Lair:5)
  9 killer bees
  11 howler monkeys
  5 lava snakes (Volcano)
  A jelly (D:5)
  A gnoll bouda (D:6)
  9 orc priests
  2 hounds
  Jessica (D:2)
  Ijyb (D:3)
  Terence (D:2)
  10 orc wizards
  3 iguanas
  A shapeshifter simulacrum (IceCv)
  18 gnolls
  9 adders
  2 shadow imps
  A worm (D:2)
  A dart slug (D:3)
  49 orcs
  4 endoplasms
  4 giant cockroaches
  17 goblins
  12 hobgoblins
  2 jackals (D:4)
  2 quokkas
  4 ball pythons
  6 bats
  A frilled lizard (D:1)
  30 kobolds
  3 rats
  A bush (Lair:5)
612 creatures vanquished.

Vanquished Creatures (others)
  An orc (D:8)
  3 bushes (D:8)
  46 fungi
  72 plants
  17 withered plants (Lair:5)
139 creatures vanquished.

Grand Total: 751 creatures vanquished

Notes
Turn   | Place    | Note
-------+----------+-------------------------------------------
     0 | D:1      | Godmorgon the Tengu Air Elementalist began the quest for
                  | the Orb.
     0 | D:1      | Reached XP level 1. HP: 10/10 MP: 4/4
   320 | D:1      | Reached XP level 2. HP: 15/15 MP: 4/6
   323 | D:1      | Learned a level 2 spell: Static Discharge
   584 | D:1      | Found a faded altar of an unknown god.
  1302 | D:1      | Reached XP level 3. HP: 19/19 MP: 5/7
  1530 | D:2      | Reached skill level 5 in Air Magic
  1706 | D:2      | Noticed Sigmund
  1744 | D:2      | Noticed Jessica
  1747 | D:2      | Killed Jessica
  1748 | D:2      | Reached XP level 4. HP: 13/24 MP: 3/8
  1957 | D:2      | Killed Sigmund
  1958 | D:2      | Reached skill level 6 in Air Magic
  1958 | D:2      | Gained mutation: Your magical nature lets you fly swiftly
                  | and evasively. [Tengu growth]
  1958 | D:2      | Reached XP level 5. HP: 21/28 MP: 8/10
  2101 | D:2      | Noticed Terence
  2107 | D:2      | Killed Terence
  2108 | D:2      | Reached XP level 6. HP: 25/32 MP: 11/11
  3030 | D:3      | Reached skill level 7 in Air Magic
  3107 | D:3      | Noticed Ijyb
  3116 | D:3      | Killed Ijyb
  3390 | D:3      | Identified the +4 ring mail of Gestures {rN+ Regen+}
  3397 | D:3      | Learned a level 4 spell: Airstrike
  3571 | D:3      | Found an ornate altar of the Wu Jian Council.
  3756 | D:3      | Found a shimmering altar of Xom.
  3963 | D:4      | Found Ruwifil's Armour Emporium.
  4200 | D:4      | You are sucked into a shaft and drop 1 floor!
  4200 | D:5      | Entered Level 5 of the Dungeon
  4214 | D:5      | Reached skill level 1 in Armour
  4217 | D:5      | Noticed a yak
  4218 | D:5      | Noticed a yak
  4227 | D:5      | Noticed a yak
  4230 | D:5      | Noticed a yak
  4230 | D:5      | Noticed a yak
  4236 | D:5      | Noticed a yak
  4240 | D:5      | Killed a yak
  4241 | D:5      | Reached XP level 7. HP: 31/36 MP: 11/13
  4252 | D:5      | Killed a yak
  4253 | D:5      | Reached skill level 5 in Conjurations
  4253 | D:5      | Reached skill level 8 in Air Magic
  4440 | D:4      | Found a basalt altar of Yredelemnul.
  4847 | D:4      | Found a broken altar of Ashenzari.
  4850 | D:4      | Found a glowing golden altar of the Shining One.
  4854 | D:4      | Found an iron altar of Okawaru.
  4996 | D:4      | Reached XP level 8. HP: 41/41 MP: 15/15
  5353 | D:5      | Reached skill level 9 in Air Magic
  5640 | D:5      | Reached skill level 5 in Armour
  5661 | D:5      | Killed a yak
  5661 | D:5      | Killed a yak
  5662 | D:5      | Reached skill level 10 in Air Magic
  5662 | D:5      | Reached XP level 9. HP: 26/45 MP: 7/17
  5665 | D:5      | Reached skill level 5 in Spellcasting
  5890 | D:5      | Found a snail-covered altar of Cheibriados.
  6928 | D:6      | Found a hazy altar of Hepliaklqana.
  7015 | D:6      | Noticed Grinder
  7031 | D:6      | Killed Grinder
  7155 | D:6      | Found Xugg's Elemental Accessories.
  7264 | D:6      | Reached skill level 11 in Air Magic
  7683 | D:7      | Found a staircase to the Ecumenical Temple.
  7698 | Temple   | Entered the Ecumenical Temple
  7990 | D:7      | Found a runed translucent gate.
  7990 | D:7      | Found a runed translucent gate.
  7990 | D:7      | Found a runed translucent gate.
  7990 | D:7      | Found an opulent altar of Gozag.
  7992 | D:7      | Noticed a gargoyle
  7992 | D:7      | Noticed 0gre's ghost (novice GnCj)
  8240 | D:7      | Identified the +2 pair of gloves of Kauklot {rCorr Dex+4}
  8254 | D:7      | Found an ancient bone altar of Kikubaaqudgha.
  8454 | D:7      | Reached XP level 10. HP: 50/50 MP: 9/19
  8772 | D:7      | Noticed Pikel
  8788 | D:7      | Killed Pikel
  8789 | D:7      | Reached skill level 12 in Air Magic
  8888 | D:7      | Noticed Menkaure
  8891 | D:7      | Killed Menkaure
  9255 | D:8      | Noticed a two-headed ogre
 10403 | D:8      | Noticed a two-headed ogre
 10446 | D:8      | Killed a two-headed ogre
 10447 | D:8      | Reached skill level 13 in Air Magic
 10694 | D:8      | Noticed a gargoyle
 10695 | D:8      | Noticed a boulder beetle
 10695 | D:8      | Noticed a five-headed hydra
 10704 | D:8      | Killed a gargoyle
 10716 | D:8      | Noticed a centaur warrior
 10720 | D:8      | Killed a centaur warrior
 10721 | D:8      | Reached XP level 11. HP: 38/54 MP: 0/21
 10982 | D:8      | Killed a five-headed hydra
 10993 | D:8      | Noticed a white ugly thing
 11079 | D:8      | Noticed a tengu warrior
 11080 | D:8      | Killed a white ugly thing
 11081 | D:8      | Reached skill level 10 in Armour
 11234 | D:7      | Killed a boulder beetle
 11235 | D:7      | Reached skill level 14 in Air Magic
 11364 | D:8      | Killed a tengu warrior
 11536 | D:8      | Killed a two-headed ogre
 11537 | D:8      | Reached skill level 10 in Conjurations
 11614 | D:8      | Got the Atlas of Toxicity and the Crypt
 11838 | D:8      | Found a stormy altar of Qazlal.
 11936 | D:8      | Learned a level 3 spell: Mephitic Cloud
 11942 | D:8      | Learned a level 5 spell: Freezing Cloud
 12472 | D:9      | Found a hide-covered altar of Uskayaw.
 12512 | D:9      | Found a radiant altar of Vehumet.
 12512 | D:9      | Found a blossoming altar of Fedhas.
 12519 | D:9      | Became a worshipper of Vehumet
 12858 | D:9      | Reached skill level 1 in Fighting
 13018 | D:9      | Reached skill level 1 in Ice Magic
 13562 | D:10     | Entered Level 10 of the Dungeon
 13576 | D:10     | Reached skill level 1 in Shields
 13869 | D:10     | Noticed an oklob plant
 14149 | D:10     | Noticed a two-headed ogre
 14164 | D:10     | Reached * piety under Vehumet
 14164 | D:10     | Offered knowledge of Foxfire by Vehumet.
 14170 | D:10     | Killed a two-headed ogre
 14328 | D:10     | Found a staircase to the Orcish Mines.
 14328 | D:10     | Found Loxtashre's Weapon Emporium.
 14660 | D:10     | Found a staircase to the Lair.
 14663 | D:10     | Killed an oklob plant
 14664 | D:10     | Reached XP level 12. HP: 62/62 MP: 15/24
 14832 | D:10     | Reached skill level 1 in Short Blades
 15023 | Lair:1   | Entered Level 1 of the Lair of Beasts
 15224 | Lair:1   | Noticed a six-headed hydra
 15229 | Lair:1   | Killed a six-headed hydra
 15351 | Lair:1   | Noticed a boulder beetle
 15375 | Lair:1   | Killed a boulder beetle
 15376 | Lair:1   | Reached skill level 15 in Air Magic
 16064 | Lair:1   | Noticed a boulder beetle
 16080 | Lair:1   | Killed a boulder beetle
 16316 | Lair:1   | Offered knowledge of Magic Dart by Vehumet.
 16487 | Lair:1   | Reached ** piety under Vehumet
 17446 | Lair:2   | Offered knowledge of Poisonous Vapours by Vehumet.
 17450 | Lair:2   | Learned a level 2 spell: Poisonous Vapours
 17548 | Lair:2   | Identified the +1 robe of Uqig {Archmagi}
 17552 | Lair:2   | Reached skill level 5 in Shields
 17571 | Lair:2   | Reached skill level 5 in Short Blades
 17571 | Lair:2   | Reached XP level 13. HP: 63/69 MP: 16/26
 17771 | Lair:2   | Reached skill level 1 in Poison Magic
 17950 | Lair:2   | Found a staircase to the Swamp.
 18051 | Lair:2   | Reached *** piety under Vehumet
 18178 | Lair:2   | Noticed Erica
 18410 | Lair:2   | Learned a level 3 spell: Ignite Poison
 18514 | Lair:2   | Killed Erica
 18722 | Lair:3   | Found a frozen archway.
 18813 | IceCv    | Entered an ice cave
 18915 | IceCv    | Reached skill level 1 in Fire Magic
 19082 | IceCv    | Offered knowledge of Stone Arrow by Vehumet.
 19152 | IceCv    | Noticed a quicksilver ooze
 19159 | IceCv    | Killed a quicksilver ooze
 20476 | IceCv    | Noticed a quicksilver ooze
 20480 | IceCv    | Killed a quicksilver ooze
 20481 | IceCv    | Reached skill level 1 in Transmutations
 20699 | IceCv    | Found a viscous altar of Jiyva.
 20699 | IceCv    | Noticed an azure jelly
 20708 | IceCv    | Killed an azure jelly
 20712 | IceCv    | Reached **** piety under Vehumet
 20984 | IceCv    | Identified the ring of the Circus Animal {rN+ Int+3 Dex+3
                  | SInv Stlth-}
 20990 | IceCv    | Got the ring of Quxti {Ice +Blink rElec Int+2}
 21233 | Lair:3   | Offered knowledge of Hailstorm by Vehumet.
 21449 | D:10     | Bought the +9 rapier of Syosaton {vorpal, *Noise +Blink
                  | Will+++ Str+3} for 958 gold pieces
 21758 | Lair:3   | Reached XP level 14. HP: 76/76 MP: 2/28
 21888 | Lair:3   | Found a hole to the Spider Nest.
 22493 | Lair:4   | Found a dark tunnel.
 22533 | Volcano  | Entered a volcano
 23075 | Volcano  | Found a bloodstained altar of Trog.
 23090 | Volcano  | Reached skill level 5 in Fighting
 23146 | Volcano  | Noticed a red draconian
 23170 | Volcano  | Killed a red draconian
 23171 | Volcano  | Reached skill level 10 in Spellcasting
 23965 | Lair:4   | Reached skill level 16 in Air Magic
 23967 | Lair:4   | Reached ***** piety under Vehumet
 23970 | Lair:4   | Found a staircase to the Slime Pits.
 24112 | Lair:4   | Offered knowledge of Orb of Destruction by Vehumet.
 24281 | Lair:4   | Found a viscous altar of Jiyva.
 24765 | Lair:5   | Entered Level 5 of the Lair of Beasts
 24778 | Lair:5   | Learned a level 7 spell: Orb of Destruction
 24967 | Lair:5   | Reached skill level 5 in Fire Magic
 25408 | Lair:5   | Reached skill level 5 in Ice Magic
 25886 | Lair:5   | Reached XP level 15. HP: 74/84 MP: 22/30
 26499 | Lair:5   | Identified the ring "Uggac" {Fire rN+ Will+}
 26719 | Lair:5   | Identified the +9 great mace of the Viper {protect, rElec
                  | Dex+7}
 27339 | D:11     | Identified the +0 robe of Gexiag {Dex+9}
 27466 | D:11     | Noticed Sonja
 27470 | D:11     | Killed Sonja
 28886 | D:12     | Offered knowledge of Fireball by Vehumet.
 28941 | D:12     | Learned a level 5 spell: Fireball
 29277 | D:12     | Found a sparkling altar of Nemelex Xobeh.
 29719 | D:12     | Reached skill level 5 in Poison Magic
 29970 | D:13     | Noticed Urug
 29970 | D:13     | Noticed Rupert
 29970 | D:13     | Found a gate to the Vaults.
 30047 | D:13     | Killed Urug
 30229 | D:13     | Killed Rupert
 30393 | D:13     | Slain by a large abomination

Illustrated notes

Levels and vault maps discovered:
D:1:      minmay_arrival_three_doors, layout_loops_ring,
          ebering_ecumenical_altar_rust
D:2:      cheibrodos_greedy_goblins, layout_loops_ring, uniq_terence,
          uniq_sigmund, uniq_jessica
D:3:      layout_basic, marbit_many_paths, pdpol_wu_jian_five_deadly_venoms,
          uniq_ijyb
D:4:      layout_cave_pods, grunt_temple_overflow_diamond,
          mainiacjoe_overflow_alcove_4, serial_shops, nicolae_shop_statue_plus,
          grunt_tough_drop
D:5:      layout_loops_ring, lemuel_coloured_pillars_altar,
          hangedman_abyss_or_decor_stabs
D:6:      layout_loops_corners, nicolae_hepliaklqana_hazy_memory, minivault_19,
          nicolae_elemental_shop, hellmonk_bongcloud_opening,
          chequers_serial_rivers_micro_d, uniq_grinder
D:7:      layout_loops_corners, lemuel_round_altar,
          minmay_temple_entry_large_hall, ebering_ghost_gozag,
          uniq_crazy_yiuf_cottage, uniq_menkaure, uniq_pikel
D:8:      minmay_the_grid_octo_triangle [minmay_the_grid_octo_77,
          minmay_the_grid_octo_prize_big_c, minmay_the_grid_octo_focus],
          layout_cave_pools, mainiacjoe_overflow_chevrons, grunt_ministairs_9,
          nicolae_concentric_dashed_squares_mild
D:9:      layout_gridville, gammafunk_temple_overflow_elements,
          mainiacjoe_overflow_paths
D:10:     layout_irregular_city, dpeg_oklobed_lair, orc_david_3
D:11:     layout_rooms, uniq_sonja
D:12:     gargoyle_guard, layout_basic, nemelex_lonely_heart_becter
D:13:     layout_rooms, david_vaults_3, laboratory
Temple:   compressed_dpeg_triangle_lava_temple
Lair:1:   layout_cave_pods
Lair:2:   layout_gridlike, skrybe_swamp_entry_bodies, st_stairs_5,
          beast_lair_carwin_5, infiniplex_staircase_pool_2, grunt_megastairs_5,
          uniq_erica, uniq_amaemon
Lair:3:   layout_gridlike, nicolae_spider_entry_tight_spaces,
          portal_ice_cave_rime
Lair:4:   layout_hall_layers, minmay_slime_entry_oklob_open,
          nicolae_volcano_entry_batcave, minivault_11, grunt_megastairs_2
Lair:5:   due_jungle_book, layout_loops_ring, serial_rivers,
          chequers_serial_rivers_large_a, chequers_serial_rivers_room_a,
          chequers_serial_rivers_micro_c, chequers_serial_rivers_micro_e,
          lemuel_fruit_tree

Skill      XL: |  1  2  3  4  5  6  7  8  9 10 11 12 13 14 15 |
---------------+----------------------------------------------+-----
Conjurations   | 2 3 4 5 6 7 9 10 11 12 13 | 13.2
Air Magic      | 5 6 7 8 10 11 13 14 15 16 | 16.7
Spellcasting   | 3 4 5 6 7 8 9 10 11 | 11.3
Armour         | 2 3 5 7 9 10 | 10.0
Fighting       | 1 3 4 5 6 |  6.5
Ice Magic      | 1 3 4 5 |  5.0
Shields        | 2 5 6 8 9 |  9.3
Short Blades   | 5 6 8 |  8.0
Poison Magic   | 2 4 5 |  5.0
Fire Magic     | 3 5 7 |  7.8
Transmutations | 1 2 4 |  4.0
Dodging        | |  2.1
Stealth        | |  2.0

Action                   |  1- 3 |  4- 6 |  7- 9 | 10-12 | 13-15 || total
-------------------------+-------+-------+-------+-------+-------++-------
Melee: Unarmed           |     6 |       |       |       |       ||     6
       Peck              |     6 |     9 |    19 |    44 |    37 ||   115
       Kick              |     6 |    12 |    25 |    59 |    36 ||   138
       Club              |     1 |       |       |       |       ||     1
       Dagger            |    17 |       |       |       |       ||    17
       Short sword       |       |    54 |    87 |   122 |    14 ||   277
       Punch             |       |       |     1 |     1 |       ||     2
       Staff             |       |       |       |     2 |     7 ||     9
       Rapier            |       |       |       |       |    78 ||    78
       Scimitar          |       |       |       |       |     6 ||     6
Throw: Dart              |       |    11 |    13 |    57 |     5 ||    86
 Cast: Shock             |    26 |     5 |    91 |    22 |    17 ||   161
       Static Discharge  |    10 |    19 |    20 |    30 |   133 ||   212
       Airstrike         |       |       |    17 |   210 |   274 ||   501
       Mephitic Cloud    |       |       |       |    11 |     3 ||    14
       Freezing Cloud    |       |       |       |       |    28 ||    28
       Poisonous Vapours |       |       |       |       |    93 ||    93
       Ignite Poison     |       |       |       |       |    46 ||    46
Evoke: Wand              |       |       |       |       |     5 ||     5
  Use: Scroll            |       |     2 |     1 |    10 |     7 ||    20
       Potion            |       |     1 |       |     1 |     1 ||     3
 Stab: Sleeping          |       |     3 |     1 |     1 |     1 ||     6
       Invisible         |       |     2 |     1 |       |       ||     3
       Distracted        |       |       |     1 |       |       ||     1
       Confused          |       |       |       |     3 |     2 ||     5
Armor: Robe              |     6 |     5 |       |       |       ||    11
       Ring mail         |       |     6 |    32 |    73 |    80 ||   191
Dodge: Dodged            |    13 |    38 |    63 |    83 |   129 ||   326
Block: Kite shield       |       |       |       |    82 |   208 ||   290
       Reflection        |       |       |       |     2 |    32 ||    34
